 Dungeon Crawl Stone Soup version 0.14-a0-2080-ge317583 (webtiles) character file.

35 Jenx the Magician (level 3, -1/21 HPs)
             Began as an Octopode Wizard on Jan 24, 2014.
             Slain by a hobgoblin
             ... wielding a +0,+0 club
              (4 damage)
             ... on Level 2 of the Dungeon.
             The game lasted 00:01:43 (1145 turns).

Jenx the Magician (Octopode Wizard)                 Turns: 1145, Time: 00:01:43

HP  -1/21        AC  1     Str  6      XL: 3   Next:  4%
MP   7/7         EV 12     Int 21      God:
Gold 10          SH  0     Dex 10      Spells:  2 memorised,  5 levels left

rFire  . . .     SeeInvis .     j - +2 spear (slay drac)
rCold  . . .     Clarity  .     (no shield)
rNeg   . . .     Conserve .     b - +0 hat
rPois  .         rCorr    .     (no amulet)
rElec  .         rRot     .     (no ring)
SustAb . .       Spirit   .     (no ring)
rMut   .         Warding  .     (no ring)
Saprov . . .     Stasis   .     (no ring)
MR     .....                    (no ring)
                                (no ring)
                                (no ring)
                                (no ring)

@: mildly poisoned, not resistant to hostile enchantments, stealthy
A: almost no armour, amphibious, 8 rings, constrict 8, camouflage 1, gelatinous
body 1
a: no special abilities


You were on level 2 of the Dungeon.
You were not hungry.

You visited 1 branch of the dungeon, and saw 2 of its levels.

You collected 10 gold pieces.

Inventory:

Hand weapons
 j - a +2,+2 spear of dragon slaying (weapon)
Armour
 b - a +0 hat (worn)
Comestibles
 d - 2 bread rations
 m - a pear
Scrolls
 e - a scroll of remove curse
 i - a scroll of fear {unknown}
 l - a scroll of enchant armour {unknown}
Jewellery
 g - an uncursed ring of teleportation
Potions
 a - a potion of magic {unknown}
 f - a potion of brilliance {unknown}
 k - 3 potions of curing {unknown}
Books
 c - a book of Minor Magic

   Spells                             Type                      Level
   *Magic Dart                        Conjuration                  1
   Blink                              Translocation                2
   *Call Imp                          Summoning                    2
   Repel Missiles                     Charms/Air                   2
   Slow                               Hexes                        2
   Conjure Flame                      Conjuration/Fire             3
   Mephitic Cloud                     Conjuration/Poison/Air       3


   Skills:
 - Level 2.0 Dodging
 - Level 2.6 Stealth
 - Level 3.0 Spellcasting
 * Level 2.8 Conjurations
 - Level 1.0 Summonings
   Level 1.0 Translocations


You had 5 spell levels left.
You knew the following spells:

 Your Spells              Type           Power        Failure   Level  Hunger
a - Magic Dart            Conj           ###.         4%          1    None
b - Call Imp              Summ           #.........   14%         2    ##.....


Dungeon Overview and Level Annotations

Branches:
Dungeon (2/16)

Altars:


Innate Abilities, Weirdness & Mutations

You cannot wear most types of armour.
You are amphibious.
You can wear up to eight rings at the same time.
You can use your tentacles to constrict many enemies at once.
Your skin changes colour to match your surroundings (Stlth).
Your rubbery body absorbs attacks (AC +1).


Message History

You feel sick.
You constrict the giant cockroach. The hobgoblin closely misses you.
The giant cockroach bites you.
* * * LOW HITPOINT WARNING * * *
Unknown command.
You hit the giant cockroach.
The giant cockroach is moderately wounded.
* * * LOW HITPOINT WARNING * * *
You feel sick.
You constrict the giant cockroach. The giant cockroach closely misses you.
The hobgoblin hits you but does no damage.
You hit the giant cockroach but do no damage.
The giant cockroach is heavily wounded.
You constrict the giant cockroach.
You kill the giant cockroach!
The hobgoblin barely misses you.
You closely miss the hobgoblin. Your grab misses the hobgoblin.
Your squeeze misses the hobgoblin. The hobgoblin closely misses you.
You closely miss the hobgoblin. Your grab misses the hobgoblin.
Your squeeze misses the hobgoblin. The hobgoblin hits you with a club.
You die...

........[.#.......#
..................#
...............>..#
..........####....#
...######## #....#
#### ######....#
..........######.
#.####...........
.......g@........
.......%.....)...
...............
...............
...............
.............
...........
##....... ...


You could see a hobgoblin.

Vanquished Creatures
  An adder (D:2)
  An ooze (D:1)
  A giant cockroach (D:2)
  4 hobgoblins (D:1)
  3 bats (D:1)
  2 giant newts (D:1)
  2 kobolds (D:1)
  2 rats (D:1)
16 creatures vanquished.

Notes
Turn   | Place    | Note
--------------------------------------------------------------
     0 | D:1      | Jenx, the Octopode Wizard, began the quest for the Orb.
     0 | D:1      | Reached XP level 1. HP: 11/11 MP: 4/4
   285 | D:1      | Reached XP level 2. HP: 3/17 MP: 6/6
   443 | D:1      | Learned a level 2 spell: Call Imp
  1139 | D:2      | Reached XP level 3. HP: 8/21 MP: 7/7
  1145 | D:2      | Slain by a hobgoblin

Action                   || total
-------------------------++-------
Melee: Unarmed           ||    29
       Spear             ||    23
 Cast: Magic Dart        ||    11
  Use: Scroll            ||     1
 Stab: Sleeping          ||     1
